 Dungeon Crawl Stone Soup version 0.31-a0-532-g28f74ba3e5 (webtiles) character file.

Game seed: 5760347793387043878

20 MackTheKnife the Trooper (level 2, 19/25 HPs)
             Began as a Mummy Chaos Knight on Aug 12, 2023.
             Was a Follower of Nemelex Xobeh.
             Quit the game on level 1 of the Dungeon.
             The game lasted 00:01:07 (535 turns).

MackTheKnife the Trooper (Mummy Chaos Knight)        Turns: 535, Time: 00:01:08

Health: 19/25      AC:  5    Str: 15    XL:     2   Next: 58%
Magic:  2/2        EV: 11    Int: 11    God:    Nemelex Xobeh [*.....]
Gold:   34         SH:  0    Dex: 11    Spells: 1/1 levels left

rFire   x . .        c - +0 dagger {short}
rCold   + . .        (no shield)
rNeg    + + +        a - +2 leather armour
rPois   ∞            (no helmet)
rElec   .            (no cloak)
rCorr   .            (no gloves)
SInv    .            (no boots)
Will    .....        e - amulet of the acrobat
Stlth   +            (no ring)
HPRegen 0.24/turn    (no ring)
MPRegen 0.08/turn

%: acrobat, faith
@: no status effects
A: cold resistance 1, negative energy resistance 3, torment resistance 2, heat
vulnerability 1, no potions, faith
a: Renounce Religion, Draw Escape, Draw Destruction, Draw Summoning


You were on level 1 of the Dungeon.
You worshipped Nemelex Xobeh.
Nemelex Xobeh was aware of your devotion.
You visited 1 branch of the dungeon, and saw 1 of its levels.

You collected 34 gold pieces.


Innate Abilities, Weirdness & Mutations

You are immune to poison.
Your flesh is cold resistant. (rC+)
You are immune to negative energy. (rN+++)
You are immune to unholy pain and torment.
You are vulnerable to heat. (rF-)
You do not drink.
You have a special connection with the divine. (Faith)


   Skills:
 + Level 4.0 Fighting
 - Level 1.5 Armour
 - Level 0.7 Dodging
 - Level 2.4 Unarmed Combat


You had one spell level left.
You didn't know any spells.
Your spell library was empty.

Inventory:

Hand Weapons
 c - a +0 dagger (weapon) {short}
   (You took it off a kobold on level 1 of the Dungeon)
Missiles
 d - 4 stones {throwing}
Armour
 a - a +2 leather armour (worn)
Jewellery
 e - an amulet of the acrobat (around neck)
   (You found it on level 1 of the Dungeon)
Scrolls
 b - a scroll of butterflies

Dungeon Overview and Level Annotations

Branches:
Dungeon (1/15) Zot: 5465

Altars:
Nemelex Xobeh

##.##.♣......♣♣...##.##.#
##.##....♣.♣..♣...........
..........⌠...♣...###### #
##.##.!..♣.♣..♣.†.#
......♣.......♣.._#
##.###♣.......♣#.## ...#
♣♣.....♣♣#.## ####
♣♣...♣♣....# ##
♣♣♣♣♣...@.# .#
#.###g######## ##
#............. #
#.....######## ##.#..#
......# # ###.## .. ...


You could see a goblin.


Message History

The frilled lizard hisses angrily.
You continue putting on your amulet of the acrobat. x4
The frilled lizard barely misses you.
You finish putting on your amulet of the acrobat.
You feel ready to tumble and roll out of harm's way.
e - an amulet of the acrobat (around neck)
You hit the frilled lizard.
You kill the frilled lizard!
No target in view!
No target in view!
No target in view!
You see here a frilled lizard corpse.
Key pressed, stopping explore.
Key pressed, stopping explore.
You see here a ball python skeleton.
You see here a +0 ring mail.
You see here a +0 chain mail.
Found an escape hatch in the floor.
You now have 34 gold pieces (gained 3).
A rat comes into view.
A rat is nearby!
The rat closely misses you.
You hit the rat. The rat bites you. 😕 HP[-1]
You take 1 damage, and now have 24/25 hp.
You hit the rat.
You kill the rat!
No target in view! "Whee!"
Your surroundings suddenly seem different.
Your surroundings suddenly seem different.
A ball python and a goblin come into view.
Your surroundings suddenly seem different.
The ball python moves out of view.
The goblin moves out of view. 😎 HP[+1]
Your hp is fully restored (25).
Unknown command.
Unknown command.
Found a faded altar of an unknown god.
The ball python hisses angrily.
A ball python is nearby!
You hit the ball python. The ball python bites you. The ball python grabs you.
The ball python constricts you. 😕 HP[-3]
You take 3 damage, and now have 22/25 hp.
You hit the ball python. The ball python bites you.
The ball python constricts you.
You closely miss the ball python. The ball python barely misses you.
The ball python constricts you.
You closely miss the ball python. Your punch misses the ball python.
The ball python bites you but does no damage.
The ball python constricts you. The ball python closely misses you.
The ball python constricts you.
You hit the ball python.
You kill the ball python!
Your Fighting skill increases to level 4!
No target in view!
No target in view! 😕 HP[+1]
There is a faded altar of an unknown god here.
This altar belongs to (a) Nemelex Xobeh, (b) Jiyva or (c) Makhleb, but you can't tell which.
Press the corresponding letter to learn more about a god, or press enter to convert or escape to cancel.
Nemelex Xobeh accepts your prayer!
You have lost your religion!
Xom does not appreciate desertion!
Nemelex Xobeh welcomes you!
You can now draw from decks of power.
Nemelex will now gift you decks of power as you gain piety. 😎 HP[+2]
Your hp is fully restored (25).
A goblin is nearby!
A goblin is nearby! 🤖 Initializing magus.rc ...
Options error: Delay interrupt name "hungry" not recognised. (~/.crawlrc:4768) Bad monster_list_colour key: strict_neutral Bad channel name 'pray' for runrest: 'pray:' Options error: Missing colour in message_colour setting: 'that.*feels deathly cold' Options error: Missing colour in message_colour setting: 'and you must be Full or above to equip it' Options error: Missing colour in message_colour setting: 'but rights himself reflexively soon after' Options error: Missing colour in message_colour setting: 'before it is too late' ✅ Successfully initialized magus.rc [v1.9.6] Welcome back, MackTheKnife the Mummy Chaos Knight.
Nemelex Xobeh says: It's all in the cards!
Press ? for a list of commands and other information.
The goblin completely misses you.
You see here a scroll labelled CINEUCH DABOWK.
You hit the goblin but do no damage. The goblin closely misses you.
You hit the goblin but do no damage.
The goblin hits you with a +0 club. 😕 HP[-1]
You take 1 damage, and now have 24/25 hp.
You barely miss the goblin.
The goblin hits you with a +0 club. 😕 HP[-3]
You take 3 damage, and now have 21/25 hp.
You hit the goblin but do no damage.
The goblin hits you with a +0 club. 😕 HP[-2]
You take 2 damage, and now have 19/25 hp.
You barely miss the goblin. The goblin closely misses you.
You closely miss the goblin. The goblin hits you but does no damage.
Okay, then.
Are you sure you want to abandon this character and quit the game? (Confirm with "yes".)

Skill      XL: |  1  2 |
---------------+-------+-----
Fighting       | 4 |  4.0
Armour         | |  1.5
Dodging        | |  0.7
Unarmed Combat | |  2.4

Action                     || total
---------------------------++-------
  Melee: Dagger            ||    80
         Unarmed           ||    14
 Armour: Leather armour    ||    36
  Dodge: Dodged            ||    49

Levels and vault maps discovered:
D:1:      amcnicky_arrival_underground_garden, layout_loops_cross,
          basic_ecumenical_altar, serial_shops, nicolae_shop_back_alley_shop,
          nicolae_eternal_life

Notes
Turn   | Place    | Note
-------+----------+-------------------------------------------
     0 | D:1      | MackTheKnife the Mummy Chaos Knight began the quest for the
                  | Orb.
     0 | D:1      | Reached XP level 1. HP: 18/18 MP: 1/1
     0 | D:1      | magus.rc [v1.9.6]
    91 | D:1      | XOM: silly message
    93 | D:1      | XOM: silly message
   120 | D:1      | Reached XP level 2. HP: 19/24 MP: 2/2
   304 | D:1      | XOM: smoke on damage
   491 | D:1      | XOM: 3-stop teleportation journey
   504 | D:1      | Found a faded altar of an unknown god.
   515 | D:1      | Reached skill level 4 in Fighting
   517 | D:1      | Prayed at the altar of an unknown god.
   517 | D:1      | Fell from the grace of Xom
   517 | D:1      | Became a worshipper of Nemelex Xobeh the Trickster
   517 | D:1      | Reached * piety under Nemelex Xobeh
   526 | D:1      | magus.rc [v1.9.6]
   535 | D:1      | Quit the game

Vanquished Creatures
  A dart slug (D:1)
  3 ball pythons (D:1)
  An endoplasm (D:1)
  2 hobgoblins (D:1)
  4 jackals (D:1)
  2 kobolds (D:1)
  A frilled lizard (D:1)
  2 rats (D:1)
16 creatures vanquished.

Table legend:
 A = Non-vault XP
 B = Vault XP
 C = Vault XP percentage of total XP
 D = Non-vault monster count
 E = Vault monster count
 F = Vault count percentage of total count
                 A         B        C        D         E       F
            +---------+---------+-------+---------+---------+-------
      Total |      29 |       0 |   0.0 |      16 |       0 |   0.0
            +---------+---------+-------+---------+---------+-------
        D:1 |      29 |       0 |   0.0 |      16 |       0 |   0.0
            +---------+---------+-------+---------+---------+-------

Skill      XL: |  1  2 |
---------------+-------+-----
Fighting       | 4 |  4.0
Armour         | |  1.5
Dodging        | |  0.7
Unarmed Combat | |  2.4

Action                     || total
---------------------------++-------
  Melee: Dagger            ||    80
         Unarmed           ||    14
 Armour: Leather armour    ||    36
  Dodge: Dodged            ||    49

Illustrated notes

Table legend:
 A = Kills in this place as a percentage of kills in the entire game.
 B = Kills by you in this place as a percentage of kills by you in the entire game.
 C = Kills by friends in this place as a percentage of kills by friends in the entire game.
 D = Other kills in this place as a percentage of other kills in the entire game.
 E = Experience gained in this place as a percentage of experience gained in the entire game.
 F = Experience gained in this place divided by the number of levels of this place that you have seen.
                   A       B       C       D       E      F
               +-------+-------+-------+-------+-------+----------------------
         Total | 100.0 | 100.0 |   N/A |   N/A | 100.0 |  29.0
       Dungeon | 100.0 | 100.0 |   N/A |   N/A | 100.0 |  29.0
               +-------+-------+-------+-------+-------+----------------------

Table legend: (Time is in decaauts)
 A = Elapsed time spent in this place.
 B = Non-inter-level travel time spent in this place.
 C = Inter-level travel time spent in this place.
 D = Time resting spent in this place.
 E = Time spent auto-exploring this place.
 F = Levels seen in this place.
 G = Mean time per level.
                   A        B        C        D        E       F      G
               +--------+--------+--------+--------+--------+-----+--------+
         Total |    534 |    534 |      0 |     36 |    351 |   1 |  534.0 |
       Dungeon |    534 |    534 |      0 |     36 |    351 |   1 |  534.0 |
               +--------+--------+--------+--------+--------+-----+--------+

Top non-repeatable levels by time:
     D:1: 534 daAuts
